[ AOE2 MATCH · #481816506 ]
UnrankedPoles vs Italians
[ REPLAY ANALYSIS · EXTRACTED FROM THE RECORDED GAME ]
Feudal
11:35
Castle
15:36
Imperial
28:55
| APM avg | 26.1 |
| APM peak | 62 |
| eAPM avg | 18.4 |
| Villagers / military | 163 / 162 |
Focus
⚔️ 35.1% · 🌾 64.9%
Knight ×150 · Spearman ×8 · Monk ×3 · Scout Cavalry ×1
Feudal
11:59
Castle
15:32
Imperial
29:44
| APM avg | 41.7 |
| APM peak | 92 |
| eAPM avg | 29.3 |
| Villagers / military | 186 / 462 |
Focus
⚔️ 42.1% · 🌾 57.9%
Militia ×263 · Spearman ×143 · Archer ×55 · Mangonel ×1
Feudal
—
Castle
—
Imperial
—
| APM avg | 33.3 |
| APM peak | 70 |
| eAPM avg | 21.7 |
| Villagers / military | 178 / 88 |
Focus
⚔️ 23.2% · 🌾 76.8%
Unknown (882) ×277 · Genoese Crossbowman ×69 · Bombard Cannon ×16 · Monk ×3
Feudal
11:07
Castle
15:02
Imperial
30:14
| APM avg | 40.6 |
| APM peak | 57 |
| eAPM avg | 28.4 |
| Villagers / military | 234 / 103 |
Focus
⚔️ 16.3% · 🌾 83.7%
Knight ×45 · Hand Cannoneer ×30 · Flemish Militia ×9 · Bombard Cannon ×7 · Scout Cavalry ×5 · Mangonel ×3
Feudal
9:21
Castle
17:05
Imperial
32:03
| APM avg | 26.5 |
| APM peak | 81 |
| eAPM avg | 18.4 |
| Villagers / military | 198 / 412 |
Focus
⚔️ 27.4% · 🌾 72.6%
Scout Cavalry ×201 · Cataphract ×168 · Camel Scout ×43
Feudal
11:23
Castle
15:05
Imperial
28:51
| APM avg | 34.4 |
| APM peak | 67 |
| eAPM avg | 24.9 |
| Villagers / military | 223 / 397 |
Focus
⚔️ 31.5% · 🌾 68.5%
Militia ×188 · Spearman ×134 · Unknown (882) ×134 · Huskarl ×62 · Battering Ram ×7 · Trebuchet (Packed) ×4
Feudal
12:10
Castle
16:09
Imperial
33:06
| APM avg | 23.9 |
| APM peak | 60 |
| eAPM avg | 17.2 |
| Villagers / military | 163 / 220 |
Focus
⚔️ 25.4% · 🌾 74.6%
Scout Cavalry ×96 · Skirmisher ×80 · Camel Scout ×20 · Janissary ×14 · Bombard Cannon ×4 · Petard ×3
Feudal
10:56
Castle
14:27
Imperial
30:23
| APM avg | 35.3 |
| APM peak | 88 |
| eAPM avg | 18.0 |
| Villagers / military | 217 / 237 |
Focus
⚔️ 28.1% · 🌾 71.9%
Spearman ×90 · Mangonel ×83 · Mangudai ×36 · Battering Ram ×23 · Trebuchet (Packed) ×5
Match map
Initial resources + every placement click. Lines = walls · curves = elevation contours. ◆ gold · ⬟ stone · ● berries · ✦ relic · ◌ wall gap
Your base· ✓ Closed at 15:36 · 0t walls · 2 gate(s)
Moquazinth's base· ✓ Closed at 15:32 · 0t walls · 3 gate(s)
BANKU99's base· ✓ Closed at 12:22 · 0t walls · 2 gate(s)
GG's base· ✓ Closed at 15:02 · 0t walls · 2 gate(s)
empt's base· ✓ Closed at 17:05 · 0t walls · 3 gate(s)
pxh42's base· ✓ Closed at 15:05 · 0t walls · 2 gate(s)
7777777's base· ✓ Closed at 16:09 · 0t walls · 3 gate(s)
Assmodey's base· ✓ Closed at 14:27 · 0t walls · 3 gate(s)
Smoothed initial terrain · ◌ = detected wall gap · hover for details
Inputs per minute
— P@F DEBARK - - Moquazinth
Build order — P@F DEBARK
First 150 of 483 actions detected
| 0:02 | Create | Villager (Male) |
| 0:02 | Build | House |
| 0:04 | Build | House |
| 0:16 | Create | Villager (Male) |
| 0:16 | Create | Villager (Male) |
| 0:48 | Create | Villager (Male) |
| 1:33 | Create | Villager (Male) |
| 1:50 | Build | Lumber Camp |
| 2:03 | Create | Villager (Male) |
| 2:18 | Create | Villager (Male) |
| 2:47 | Create | Villager (Male) |
| 3:24 | Create | Villager (Male) |
| 3:49 | Create | Villager (Male) |
| 3:57 | Build | Mill |
| 4:09 | Create | Villager (Male) |
| 4:30 | Create | Villager (Male) |
| 4:30 | Create | Villager (Male) |
| 4:31 | Create | Villager (Male) |
| 5:38 | Create | Villager (Male) |
| 6:02 | Create | Villager (Male) |
| 6:03 | Create | Villager (Male) |
| 6:26 | Build | Mill |
| 7:04 | Create | Villager (Male) |
| 7:16 | Build | House |
| 7:17 | Build | House |
| 7:45 | Create | Villager (Male) |
| 7:48 | Create | Villager (Male) |
| 7:48 | Create | Villager (Male) |
| 8:31 | Build | Mining Camp |
| 8:45 | Create | Villager (Male) |
| 8:45 | Research | Feudal Age |
| 9:49 | Create | Villager (Male) |
| 9:49 | Create | Villager (Male) |
| 11:35 | Age | Feudal Age |
| 11:48 | Build | Market |
| 11:53 | Build | Barracks |
| 11:59 | Build | Blacksmith |
| 12:31 | Create | Villager (Male) |
| 12:45 | Build | Barracks |
| 12:50 | Research | Castle Age |
| 13:04 | Research | Horse Collar |
| 13:08 | Build | Farm |
| 13:12 | Build | Farm |
| 13:13 | Build | Farm |
| 13:15 | Build | Farm |
| 13:19 | Build | Farm |
| 13:26 | Build | Farm |
| 13:31 | Build | Farm |
| 13:56 | Create | Spearman |
| 14:10 | Build | Stable |
| 14:50 | Create | Spearman |
| 15:04 | Create | Villager (Male) |
| 15:15 | Research | Double-Bit Axe |
| 15:36 | Age | Castle Age |
| 15:39 | Build | Monastery |
| 15:53 | Build | Farm |
| 15:57 | Create | Villager (Male) |
| 16:06 | Build | Town Center |
| 16:11 | Create | Monk |
| 16:20 | Create | Villager (Male) |
| 17:05 | Build | House |
| 17:06 | Build | House |
| 17:15 | Create | Knight |
| 17:18 | Create | Scout Cavalry |
| 17:20 | Create | Villager (Male) |
| 17:24 | Research | Heavy Plow |
| 17:36 | Create | Villager (Male) |
| 17:36 | Create | Villager (Male) |
| 17:47 | Build | House |
| 18:03 | Build | Farm |
| 18:06 | Build | Farm |
| 18:07 | Build | Farm |
| 18:11 | Build | Farm |
| 18:13 | Build | Farm |
| 18:24 | Create | Villager (Male) |
| 18:24 | Create | Villager (Male) |
| 18:40 | Create | Monk |
| 18:43 | Create | Villager (Male) |
| 18:43 | Create | Villager (Male) |
| 18:53 | Build | Farm |
| 18:56 | Build | Farm |
| 19:01 | Create | Villager (Male) |
| 19:01 | Create | Villager (Male) |
| 19:04 | Build | Farm |
| 19:30 | Build | Mill |
| 19:31 | Build | Farm |
| 19:31 | Build | Farm |
| 19:32 | Build | Farm |
| 19:32 | Build | Farm |
| 19:32 | Build | Farm |
| 19:54 | Create | Villager (Male) |
| 19:54 | Create | Villager (Male) |
| 20:13 | Build | Farm |
| 20:19 | Create | Villager (Male) |
| 20:19 | Create | Villager (Male) |
| 20:45 | Create | Villager (Male) |
| 20:46 | Create | Villager (Male) |
| 20:46 | Create | Villager (Male) |
| 20:52 | Build | House |
| 20:53 | Build | House |
| 20:55 | Build | House |
| 20:57 | Build | Farm |
| 21:01 | Build | Farm |
| 21:03 | Build | Farm |
| 21:04 | Build | Farm |
| 21:08 | Create | Villager (Male) |
| 21:09 | Create | Villager (Male) |
| 21:33 | Create | Villager (Male) |
| 22:01 | Build | Town Center |
| 22:15 | Build | Mining Camp |
| 22:17 | Create | Villager (Male) |
| 22:17 | Create | Villager (Male) |
| 22:39 | Build | House |
| 22:50 | Create | Villager (Male) |
| 22:50 | Create | Villager (Male) |
| 23:07 | Create | Villager (Male) |
| 23:08 | Create | Villager (Male) |
| 23:12 | Build | House |
| 23:34 | Create | Villager (Male) |
| 23:34 | Create | Villager (Male) |
| 23:34 | Create | Villager (Male) |
| 23:41 | Build | Mill |
| 23:42 | Build | Farm |
| 23:43 | Build | Farm |
| 23:43 | Build | Farm |
| 23:43 | Build | Farm |
| 23:43 | Build | Farm |
| 23:43 | Build | Farm |
| 23:44 | Build | Farm |
| 23:45 | Build | Farm |
| 23:45 | Build | Farm |
| 24:05 | Create | Villager (Male) |
| 24:05 | Create | Villager (Male) |
| 24:16 | Research | Wheelbarrow |
| 24:17 | Create | Villager (Male) |
| 24:17 | Create | Villager (Male) |
| 24:23 | Build | University |
| 24:53 | Create | Villager (Male) |
| 24:54 | Create | Villager (Male) |
| 24:54 | Create | Villager (Male) |
| 25:08 | Create | Villager (Male) |
| 25:08 | Create | Villager (Male) |
| 25:30 | Build | House |
| 25:31 | Research | Imperial Age |
| 25:31 | Research | Loom |
| 25:32 | Research | Hand Cart |
| 25:38 | Build | Farm |
| 25:40 | Create | Villager (Male) |
| 25:40 | Create | Villager (Male) |
| 26:08 | Research | Forging |
Build order — Moquazinth
First 150 of 879 actions detected
| 0:00 | Create | Villager (Male) |
| 0:01 | Create | Villager (Male) |
| 0:01 | Create | Villager (Male) |
| 0:02 | Build | House |
| 0:05 | Build | House |
| 0:35 | Create | Villager (Male) |
| 0:35 | Create | Villager (Male) |
| 1:32 | Create | Villager (Male) |
| 2:00 | Build | Lumber Camp |
| 2:06 | Create | Villager (Male) |
| 2:06 | Create | Villager (Male) |
| 2:10 | Create | Villager (Male) |
| 2:38 | Create | Villager (Male) |
| 3:13 | Create | Villager (Male) |
| 3:13 | Create | Villager (Male) |
| 3:28 | Create | Villager (Male) |
| 3:51 | Build | House |
| 3:55 | Create | Villager (Male) |
| 4:27 | Build | Mill |
| 4:35 | Create | Villager (Male) |
| 4:46 | Create | Villager (Male) |
| 4:58 | Create | Villager (Male) |
| 5:01 | Create | Villager (Male) |
| 5:35 | Create | Villager (Male) |
| 5:54 | Create | Villager (Male) |
| 5:59 | Create | Villager (Male) |
| 6:22 | Create | Villager (Male) |
| 6:47 | Build | House |
| 6:52 | Research | Loom |
| 7:02 | Create | Villager (Male) |
| 7:05 | Build | Mining Camp |
| 7:21 | Create | Villager (Male) |
| 7:34 | Create | Villager (Male) |
| 7:44 | Build | Farm |
| 7:45 | Build | House |
| 7:53 | Build | House |
| 8:02 | Create | Villager (Male) |
| 8:10 | Build | Farm |
| 8:11 | Create | Villager (Male) |
| 9:20 | Research | Feudal Age |
| 9:24 | Create | Villager (Male) |
| 9:44 | Research | Feudal Age |
| 10:00 | Build | Mill |
| 11:00 | Create | Villager (Male) |
| 11:50 | Create | Villager (Male) |
| 11:59 | Age | Feudal Age |
| 12:02 | Build | Market |
| 12:06 | Build | Blacksmith |
| 12:17 | Research | Double-Bit Axe |
| 12:52 | Research | Castle Age |
| 13:32 | Create | Villager (Male) |
| 13:35 | Research | Horse Collar |
| 15:19 | Build | Farm |
| 15:20 | Build | Farm |
| 15:21 | Build | Farm |
| 15:22 | Build | Farm |
| 15:23 | Build | Farm |
| 15:25 | Build | Farm |
| 15:25 | Build | Farm |
| 15:32 | Age | Castle Age |
| 15:35 | Build | Town Center |
| 15:43 | Build | Town Center |
| 15:51 | Create | Villager (Male) |
| 15:56 | Research | Bow Saw |
| 16:12 | Build | Lumber Camp |
| 16:17 | Create | Villager (Male) |
| 16:19 | Create | Villager (Male) |
| 16:24 | Build | Farm |
| 16:30 | Build | Farm |
| 16:32 | Build | Farm |
| 16:36 | Build | Farm |
| 16:38 | Build | Farm |
| 16:50 | Create | Villager (Male) |
| 16:50 | Create | Villager (Male) |
| 16:53 | Build | Farm |
| 17:02 | Create | Villager (Male) |
| 17:14 | Build | Farm |
| 17:19 | Build | Farm |
| 17:22 | Create | Villager (Male) |
| 17:24 | Create | Villager (Male) |
| 17:29 | Create | Villager (Male) |
| 17:32 | Create | Villager (Male) |
| 17:41 | Build | Farm |
| 17:44 | Build | Farm |
| 17:48 | Create | Villager (Male) |
| 17:55 | Build | House |
| 18:00 | Build | Farm |
| 18:01 | Create | Villager (Male) |
| 18:08 | Create | Villager (Male) |
| 18:10 | Create | Villager (Male) |
| 18:15 | Build | Farm |
| 18:16 | Create | Villager (Male) |
| 18:20 | Build | Farm |
| 18:26 | Build | House |
| 18:29 | Build | House |
| 18:31 | Create | Villager (Male) |
| 18:41 | Create | Villager (Male) |
| 18:46 | Create | Villager (Male) |
| 18:50 | Build | Town Center |
| 18:55 | Build | Town Center |
| 18:56 | Create | Villager (Male) |
| 19:00 | Create | Villager (Male) |
| 19:07 | Create | Villager (Male) |
| 19:19 | Create | Villager (Male) |
| 19:22 | Build | Town Center |
| 19:27 | Build | Town Center |
| 19:28 | Create | Villager (Male) |
| 19:35 | Create | Villager (Male) |
| 19:36 | Create | Villager (Male) |
| 19:38 | Build | Farm |
| 19:41 | Build | Farm |
| 19:43 | Build | House |
| 19:45 | Build | House |
| 19:48 | Create | Villager (Male) |
| 19:54 | Create | Villager (Male) |
| 19:56 | Create | Villager (Male) |
| 20:02 | Build | Farm |
| 20:06 | Build | Farm |
| 20:21 | Research | Gold Mining |
| 20:23 | Create | Villager (Male) |
| 20:26 | Build | Farm |
| 20:38 | Build | Farm |
| 20:39 | Create | Villager (Male) |
| 20:40 | Create | Villager (Male) |
| 20:41 | Create | Villager (Male) |
| 20:43 | Create | Villager (Male) |
| 20:46 | Build | Farm |
| 20:51 | Build | House |
| 20:57 | Create | Villager (Male) |
| 21:03 | Build | Farm |
| 21:04 | Create | Villager (Male) |
| 21:07 | Create | Villager (Male) |
| 21:13 | Build | Farm |
| 21:15 | Build | Farm |
| 21:20 | Create | Villager (Male) |
| 21:22 | Create | Villager (Male) |
| 21:25 | Create | Villager (Male) |
| 21:30 | Build | Farm |
| 21:33 | Build | House |
| 21:35 | Build | House |
| 21:36 | Create | Villager (Male) |
| 21:38 | Build | Farm |
| 21:47 | Create | Villager (Male) |
| 21:51 | Create | Villager (Male) |
| 21:54 | Create | Villager (Male) |
| 21:57 | Create | Villager (Male) |
| 22:04 | Build | Siege Workshop |
| 22:07 | Research | Gold Shaft Mining |
| 22:08 | Create | Villager (Male) |
| 22:14 | Build | Farm |
Build order — BANKU99
First 150 of 434 actions detected
| 0:03 | Build | House |
| 0:04 | Build | House |
| 0:07 | Research | Loom |
| 0:08 | Create | Villager (Male) ×4 |
| 1:47 | Create | Villager (Male) |
| 2:23 | Create | Villager (Male) |
| 2:23 | Create | Villager (Male) |
| 2:27 | Build | Lumber Camp |
| 2:42 | Create | Villager (Male) |
| 3:09 | Create | Villager (Male) |
| 3:27 | Create | Villager (Male) |
| 3:59 | Build | House |
| 4:00 | Build | House |
| 4:07 | Create | Villager (Male) |
| 4:20 | Create | Villager (Male) |
| 4:44 | Create | Villager (Male) |
| 4:48 | Build | Mill |
| 5:30 | Create | Villager (Male) |
| 5:30 | Create | Villager (Male) |
| 6:03 | Build | Mining Camp |
| 6:07 | Create | Villager (Male) |
| 6:07 | Create | Villager (Male) |
| 6:29 | Create | Villager (Male) |
| 6:30 | Create | Villager (Male) |
| 6:51 | Build | Farm |
| 6:54 | Create | Villager (Male) |
| 6:59 | Build | House |
| 7:03 | Create | Villager (Male) ×2 |
| 7:30 | Create | Villager (Male) |
| 7:33 | Build | Farm |
| 8:30 | Create | Villager (Male) |
| 8:42 | Build | Farm |
| 8:59 | Research | Feudal Age |
| 10:44 | Create | Villager (Male) |
| 11:10 | Create | Villager (Male) |
| 11:28 | Create | Villager (Male) |
| 11:34 | Build | Market |
| 11:37 | Build | Blacksmith |
| 12:22 | Research | Castle Age |
| 12:46 | Research | Horse Collar |
| 12:53 | Research | Double-Bit Axe |
| 12:53 | Research | Double-Bit Axe |
| 13:23 | Build | House |
| 13:29 | Build | House |
| 14:40 | Create | Villager (Male) |
| 15:16 | Create | Villager (Male) |
| 15:25 | Build | Monastery |
| 15:29 | Build | Town Center |
| 15:34 | Build | Town Center |
| 15:53 | Create | Monk |
| 15:58 | Create | Monk |
| 16:02 | Create | Villager (Male) |
| 16:06 | Research | Wheelbarrow |
| 16:15 | Build | Farm |
| 16:34 | Research | Bow Saw |
| 16:49 | Create | Villager (Male) |
| 16:50 | Create | Villager (Male) |
| 16:55 | Build | Farm |
| 16:58 | Build | Farm |
| 17:16 | Create | Villager (Male) |
| 17:16 | Create | Villager (Male) |
| 17:19 | Create | Villager (Male) |
| 17:19 | Create | Villager (Male) |
| 17:20 | Create | Villager (Male) |
| 17:23 | Build | Farm |
| 17:25 | Build | Farm |
| 17:38 | Build | Farm |
| 17:48 | Build | Farm |
| 17:51 | Build | Farm |
| 17:55 | Create | Monk |
| 17:58 | Create | Villager (Male) |
| 17:58 | Create | Villager (Male) |
| 18:16 | Build | Farm |
| 18:20 | Create | Villager (Male) |
| 18:23 | Build | Farm |
| 18:25 | Build | Farm |
| 18:27 | Build | Farm |
| 18:30 | Create | Villager (Male) |
| 18:33 | Build | Farm |
| 18:35 | Build | Farm |
| 18:37 | Build | Farm |
| 18:57 | Create | Villager (Male) ×2 |
| 19:05 | Build | Farm |
| 19:12 | Build | Farm |
| 19:16 | Build | Farm |
| 19:18 | Create | Villager (Male) |
| 19:21 | Build | Farm |
| 19:24 | Build | Farm |
| 19:26 | Create | Villager (Male) |
| 19:32 | Build | Farm |
| 19:39 | Create | Villager (Male) ×2 |
| 19:48 | Build | Farm |
| 19:59 | Build | House |
| 20:00 | Build | House |
| 20:02 | Create | Villager (Male) ×2 |
| 20:09 | Create | Villager (Male) |
| 20:19 | Create | Villager (Male) ×2 |
| 20:26 | Create | Villager (Male) |
| 20:32 | Build | House |
| 20:37 | Research | Heavy Plow |
| 20:40 | Build | Farm |
| 20:51 | Build | Town Center |
| 20:53 | Create | Villager (Male) ×2 |
| 21:00 | Build | Lumber Camp |
| 21:04 | Create | Villager (Male) ×3 |
| 21:08 | Build | Farm |
| 21:13 | Create | Villager (Male) |
| 21:22 | Create | Villager (Male) |
| 21:29 | Create | Villager (Male) |
| 21:35 | Build | House |
| 21:37 | Build | House |
| 21:41 | Create | Villager (Male) ×3 |
| 21:49 | Create | Villager (Male) |
| 21:53 | Build | Farm |
| 21:54 | Build | Farm |
| 21:55 | Build | Farm |
| 22:03 | Create | Villager (Male) |
| 22:13 | Build | House |
| 22:19 | Create | Villager (Male) |
| 22:19 | Create | Villager (Male) |
| 22:28 | Create | Villager (Male) ×5 |
| 22:39 | Create | Villager (Male) |
| 22:45 | Build | Farm |
| 22:47 | Build | Farm |
| 22:49 | Build | Farm |
| 22:52 | Create | Villager (Male) |
| 22:55 | Research | Gold Mining |
| 23:02 | Create | Villager (Male) ×2 |
| 23:11 | Create | Villager (Male) |
| 23:14 | Build | Farm |
| 23:18 | Build | Farm |
| 23:22 | Research | Stone Mining |
| 23:25 | Build | Farm |
| 23:27 | Create | Villager (Male) |
| 23:32 | Build | Farm |
| 23:33 | Build | Farm |
| 23:38 | Build | House |
| 23:39 | Build | House |
| 23:40 | Build | House |
| 23:42 | Create | Villager (Male) |
| 23:47 | Create | Villager (Male) |
| 23:51 | Build | Farm |
| 23:56 | Create | Villager (Male) |
| 23:56 | Create | Villager (Male) |
| 24:08 | Research | Hand Cart |
| 24:08 | Research | Hand Cart |
| 24:11 | Create | Villager (Male) |
| 24:11 | Create | Villager (Male) ×2 |
| 24:11 | Create | Villager (Male) |
| 24:14 | Create | Villager (Male) |
Build order — GG
First 150 of 486 actions detected
| 0:01 | Create | Villager (Male) |
| 0:01 | Create | Villager (Male) |
| 0:02 | Create | Villager (Male) |
| 0:02 | Create | Villager (Male) |
| 0:04 | Build | House |
| 0:06 | Build | House |
| 1:29 | Create | Villager (Male) |
| 1:29 | Create | Villager (Male) |
| 2:05 | Create | Villager (Male) |
| 2:15 | Build | Lumber Camp |
| 2:38 | Create | Villager (Male) |
| 2:39 | Create | Villager (Male) |
| 3:24 | Research | Double-Bit Axe |
| 3:24 | Research | Double-Bit Axe |
| 3:30 | Create | Villager (Male) |
| 3:31 | Create | Villager (Male) |
| 3:49 | Create | Villager (Male) |
| 3:50 | Create | Villager (Male) |
| 3:59 | Build | House |
| 4:14 | Create | Villager (Male) |
| 4:44 | Create | Villager (Male) |
| 5:02 | Create | Villager (Male) |
| 5:02 | Create | Villager (Male) |
| 5:17 | Build | House |
| 5:26 | Create | Villager (Male) |
| 5:27 | Create | Villager (Male) |
| 5:45 | Build | Mill |
| 6:02 | Create | Villager (Male) |
| 6:02 | Create | Villager (Male) |
| 6:03 | Create | Villager (Male) |
| 6:26 | Build | Mill |
| 6:36 | Create | Villager (Male) |
| 6:37 | Create | Villager (Male) |
| 6:38 | Create | Villager (Male) |
| 7:12 | Create | Villager (Male) |
| 7:47 | Build | Mining Camp |
| 7:56 | Create | Villager (Male) |
| 7:57 | Create | Villager (Male) |
| 8:48 | Research | Feudal Age |
| 9:36 | Research | Horse Collar |
| 9:45 | Build | House |
| 11:06 | Create | Villager (Male) |
| 11:06 | Create | Villager (Male) |
| 11:07 | Age | Feudal Age |
| 11:12 | Build | Market |
| 11:14 | Build | Blacksmith |
| 11:37 | Build | Farm |
| 11:43 | Create | Villager (Male) |
| 12:11 | Research | Castle Age |
| 12:11 | Research | Castle Age |
| 12:42 | Research | Heavy Plow |
| 12:43 | Research | Heavy Plow |
| 13:26 | Research | Bow Saw |
| 13:26 | Research | Bow Saw |
| 13:32 | Build | Farm |
| 13:33 | Build | Farm |
| 13:39 | Build | Farm |
| 13:52 | Build | Farm |
| 13:53 | Build | Farm |
| 14:11 | Build | Outpost |
| 14:45 | Build | Outpost |
| 14:55 | Build | Farm |
| 14:57 | Create | Villager (Male) |
| 15:02 | Age | Castle Age |
| 15:04 | Build | Town Center |
| 15:16 | Build | Town Center |
| 15:22 | Create | Villager (Male) |
| 15:23 | Build | Farm |
| 15:31 | Create | Villager (Male) |
| 15:40 | Build | Outpost |
| 15:41 | Create | Villager (Male) |
| 15:52 | Create | Villager (Male) |
| 15:59 | Build | House |
| 16:04 | Research | Loom |
| 16:05 | Research | Wheelbarrow |
| 16:14 | Create | Villager (Male) |
| 16:23 | Build | House |
| 16:23 | Build | House |
| 16:30 | Build | Farm |
| 16:33 | Build | Farm |
| 16:34 | Build | Farm |
| 16:37 | Create | Villager (Male) |
| 16:54 | Build | Outpost |
| 16:56 | Create | Villager (Male) |
| 17:05 | Build | House |
| 17:07 | Create | Villager (Male) |
| 17:16 | Build | Farm |
| 17:18 | Build | Farm |
| 17:26 | Create | Villager (Male) |
| 17:41 | Create | Villager (Male) |
| 17:52 | Build | House |
| 17:53 | Create | Villager (Male) |
| 18:11 | Build | Farm |
| 18:14 | Build | Farm |
| 18:15 | Build | Farm |
| 18:23 | Create | Villager (Male) |
| 18:25 | Create | Villager (Male) |
| 18:29 | Create | Villager (Male) |
| 18:41 | Build | Mining Camp |
| 18:43 | Create | Villager (Male) |
| 18:46 | Build | Stone Wall |
| 18:52 | Build | Stone Wall |
| 18:54 | Create | Villager (Male) |
| 18:55 | Create | Villager (Male) |
| 19:03 | Create | Villager (Male) |
| 19:14 | Create | Villager (Male) |
| 19:38 | Research | Crop Rotation |
| 19:39 | Research | Crop Rotation |
| 19:40 | Create | Villager (Male) |
| 19:52 | Build | Farm |
| 19:53 | Build | Farm |
| 19:59 | Create | Villager (Male) |
| 20:05 | Build | House |
| 20:06 | Build | House |
| 20:08 | Build | House |
| 20:12 | Create | Villager (Male) |
| 20:23 | Build | Stone Wall |
| 20:25 | Create | Villager (Male) |
| 20:31 | Build | Stone Wall |
| 20:40 | Create | Villager (Male) |
| 20:44 | Build | Farm |
| 20:46 | Research | Two-Man Saw |
| 20:46 | Research | Two-Man Saw |
| 20:48 | Create | Villager (Male) |
| 20:50 | Build | Farm |
| 20:51 | Build | Farm |
| 21:11 | Build | Gate |
| 21:15 | Create | Villager (Male) |
| 21:16 | Create | Villager (Male) |
| 21:21 | Research | Town Watch |
| 21:27 | Create | Villager (Male) |
| 21:30 | Build | House |
| 21:30 | Build | House |
| 21:31 | Create | Villager (Male) |
| 21:40 | Create | Villager (Male) |
| 21:48 | Build | Siege Workshop |
| 21:56 | Build | Farm |
| 21:58 | Build | Farm |
| 22:08 | Build | Stone Wall |
| 22:11 | Create | Villager (Male) |
| 22:14 | Build | University |
| 22:16 | Create | Villager (Male) |
| 22:19 | Create | Mangonel |
| 22:24 | Build | Farm |
| 22:24 | Build | Farm |
| 22:25 | Build | Mill |
| 22:26 | Build | Farm |
| 22:35 | Create | Villager (Male) |
| 22:36 | Create | Villager (Male) |
| 22:39 | Create | Villager (Male) |
Build order — empt
First 150 of 484 actions detected
| 0:02 | Create | Villager (Male) |
| 0:02 | Create | Villager (Male) |
| 0:03 | Build | House |
| 0:05 | Build | House |
| 0:07 | Build | House |
| 0:40 | Create | Villager (Male) |
| 0:56 | Create | Villager (Male) |
| 1:21 | Create | Villager (Male) |
| 2:00 | Create | Villager (Male) |
| 2:23 | Create | Villager (Male) |
| 2:26 | Build | Lumber Camp |
| 2:49 | Create | Villager (Male) |
| 3:04 | Create | Villager (Male) |
| 3:31 | Create | Villager (Male) |
| 3:54 | Create | Villager (Male) |
| 4:18 | Create | Villager (Male) |
| 4:49 | Create | Villager (Male) |
| 4:52 | Build | Mill |
| 4:57 | Create | Villager (Male) |
| 5:19 | Create | Villager (Male) |
| 5:41 | Create | Villager (Male) |
| 6:08 | Build | House |
| 6:31 | Create | Villager (Male) |
| 6:37 | Create | Villager (Male) |
| 7:09 | Create | Villager (Male) |
| 7:11 | Research | Feudal Age |
| 7:26 | Build | Mill |
| 7:49 | Build | House |
| 9:03 | Build | Farm |
| 9:05 | Build | Farm |
| 9:13 | Create | Villager (Male) |
| 9:21 | Age | Feudal Age |
| 9:25 | Research | Double-Bit Axe |
| 9:41 | Create | Villager (Male) |
| 9:49 | Build | Farm |
| 10:08 | Create | Villager (Male) |
| 10:12 | Build | Farm |
| 10:13 | Research | Horse Collar |
| 10:40 | Create | Villager (Male) |
| 10:52 | Build | Farm |
| 10:54 | Create | Villager (Male) |
| 11:11 | Create | Villager (Male) |
| 11:12 | Build | Farm |
| 11:14 | Create | Villager (Male) |
| 11:39 | Build | Farm |
| 11:45 | Build | House |
| 11:59 | Build | Mining Camp |
| 12:02 | Create | Villager (Male) |
| 12:41 | Create | Villager (Male) |
| 12:49 | Build | Farm |
| 13:05 | Create | Villager (Male) |
| 13:13 | Build | Market |
| 13:16 | Create | Villager (Male) |
| 13:19 | Build | Blacksmith |
| 13:37 | Build | Farm |
| 13:49 | Create | Villager (Male) |
| 13:52 | Build | House |
| 14:08 | Build | Farm |
| 14:19 | Research | Castle Age |
| 15:02 | Build | Farm |
| 15:05 | Build | Farm |
| 15:08 | Build | Farm |
| 15:10 | Build | Farm |
| 16:41 | Create | Villager (Male) |
| 17:05 | Age | Castle Age |
| 17:06 | Build | Town Center |
| 17:11 | Build | Town Center |
| 17:13 | Create | Villager (Male) |
| 17:53 | Create | Villager (Male) |
| 18:07 | Create | Villager (Male) |
| 18:07 | Create | Villager (Male) |
| 18:15 | Create | Villager (Male) |
| 18:19 | Research | Bow Saw |
| 18:26 | Research | Wheelbarrow |
| 18:26 | Create | Villager (Male) |
| 18:27 | Create | Villager (Male) |
| 18:29 | Build | Farm |
| 18:44 | Create | Villager (Male) |
| 18:44 | Create | Villager (Male) |
| 18:46 | Build | Farm |
| 19:07 | Build | Farm |
| 19:13 | Create | Villager (Male) |
| 19:13 | Create | Villager (Male) |
| 19:17 | Build | House |
| 19:22 | Build | Farm |
| 19:25 | Build | Farm |
| 19:28 | Create | Villager (Male) |
| 19:31 | Build | Farm |
| 19:34 | Create | Villager (Male) |
| 19:36 | Create | Villager (Male) |
| 19:36 | Create | Villager (Male) |
| 19:44 | Build | Farm |
| 19:46 | Build | Farm |
| 19:53 | Create | Villager (Male) |
| 19:53 | Create | Villager (Male) |
| 19:55 | Create | Villager (Male) |
| 20:00 | Research | Heavy Plow |
| 20:19 | Build | Farm |
| 20:22 | Build | Farm |
| 20:24 | Create | Villager (Male) |
| 20:24 | Research | Loom |
| 20:27 | Build | Farm |
| 20:29 | Build | Farm |
| 20:36 | Build | Farm |
| 20:37 | Create | Villager (Male) |
| 20:38 | Create | Villager (Male) |
| 20:39 | Create | Villager (Male) |
| 20:41 | Build | House |
| 20:47 | Build | Farm |
| 20:54 | Create | Villager (Male) |
| 20:55 | Create | Villager (Male) |
| 20:57 | Build | House |
| 20:58 | Build | House |
| 21:00 | Build | Farm |
| 21:07 | Create | Villager (Male) |
| 21:07 | Create | Villager (Male) |
| 21:16 | Research | Hand Cart |
| 21:37 | Create | Villager (Male) |
| 21:37 | Create | Villager (Male) |
| 21:46 | Build | Farm |
| 21:48 | Build | Farm |
| 21:52 | Build | Farm |
| 21:57 | Create | Villager (Male) |
| 22:13 | Create | Villager (Male) |
| 22:13 | Create | Villager (Male) |
| 22:14 | Create | Villager (Male) |
| 22:23 | Build | Town Center |
| 22:34 | Build | Lumber Camp |
| 22:36 | Create | Villager (Male) |
| 22:37 | Create | Villager (Male) |
| 22:37 | Create | Villager (Male) |
| 22:45 | Build | Town Center |
| 22:49 | Create | Villager (Male) |
| 22:55 | Build | House |
| 22:56 | Build | House |
| 23:01 | Build | House |
| 23:01 | Build | House |
| 23:06 | Create | Villager (Male) |
| 23:06 | Create | Villager (Male) |
| 23:28 | Create | Villager (Male) |
| 23:28 | Create | Villager (Male) |
| 23:28 | Create | Villager (Male) |
| 23:35 | Build | Farm |
| 23:35 | Build | Farm |
| 23:36 | Build | Farm |
| 23:47 | Build | Mill |
| 23:47 | Build | Farm |
| 23:47 | Build | Farm |
| 23:48 | Build | Farm |
| 23:48 | Build | Farm |
Build order — pxh42
First 150 of 741 actions detected
| 0:03 | Create | Villager (Male) |
| 0:03 | Create | Villager (Male) |
| 0:06 | Build | House |
| 0:08 | Build | House |
| 0:13 | Create | Villager (Male) |
| 0:14 | Create | Villager (Male) |
| 0:14 | Create | Villager (Male) |
| 1:29 | Create | Villager (Male) |
| 1:29 | Create | Villager (Male) |
| 1:29 | Create | Villager (Male) |
| 1:50 | Build | Lumber Camp |
| 2:07 | Create | Villager (Male) |
| 2:07 | Create | Villager (Male) |
| 2:29 | Create | Villager (Male) |
| 2:29 | Create | Villager (Male) |
| 2:58 | Create | Villager (Male) |
| 2:58 | Create | Villager (Male) |
| 3:07 | Create | Villager (Male) |
| 3:07 | Create | Villager (Male) |
| 3:28 | Build | House |
| 3:37 | Create | Villager (Male) |
| 4:03 | Create | Villager (Male) |
| 4:09 | Build | Mill |
| 4:16 | Build | House |
| 4:30 | Create | Villager (Male) |
| 4:31 | Create | Villager (Male) |
| 4:48 | Build | House |
| 4:49 | Build | House |
| 5:02 | Create | Villager (Male) |
| 5:02 | Create | Villager (Male) |
| 5:15 | Create | Villager (Male) |
| 5:15 | Create | Villager (Male) |
| 5:16 | Create | Villager (Male) |
| 5:37 | Create | Villager (Male) |
| 5:37 | Create | Villager (Male) |
| 5:57 | Build | Mill |
| 6:03 | Create | Villager (Male) |
| 6:03 | Create | Villager (Male) |
| 6:24 | Create | Villager (Male) |
| 6:24 | Create | Villager (Male) |
| 6:24 | Create | Villager (Male) |
| 7:02 | Create | Villager (Male) |
| 7:12 | Create | Villager (Male) |
| 7:13 | Create | Villager (Male) |
| 7:13 | Create | Villager (Male) |
| 7:13 | Create | Villager (Male) |
| 7:55 | Create | Villager (Male) |
| 7:55 | Create | Villager (Male) |
| 8:12 | Create | Villager (Male) |
| 8:52 | Build | Mining Camp |
| 9:07 | Research | Feudal Age |
| 9:52 | Create | Villager (Male) |
| 9:52 | Create | Villager (Male) |
| 11:23 | Age | Feudal Age |
| 11:26 | Build | Market |
| 11:29 | Build | Blacksmith |
| 11:43 | Research | Double-Bit Axe |
| 11:56 | Research | Double-Bit Axe |
| 12:25 | Research | Castle Age |
| 12:25 | Research | Castle Age |
| 13:14 | Build | Farm |
| 13:15 | Build | Farm |
| 13:18 | Build | Farm |
| 13:23 | Build | Farm |
| 13:32 | Create | Villager (Male) |
| 13:36 | Research | Horse Collar |
| 13:44 | Build | Farm |
| 13:45 | Build | Farm |
| 13:49 | Create | Villager (Male) |
| 13:49 | Create | Villager (Male) |
| 14:04 | Create | Villager (Male) |
| 15:05 | Age | Castle Age |
| 15:08 | Build | Town Center |
| 15:11 | Build | Town Center |
| 15:13 | Research | Bow Saw |
| 15:39 | Build | Monastery |
| 15:40 | Create | Villager (Male) |
| 15:52 | Build | Farm |
| 15:53 | Build | Farm |
| 15:54 | Build | Farm |
| 15:57 | Build | Farm |
| 15:58 | Build | Farm |
| 15:58 | Build | Farm |
| 15:58 | Build | Farm |
| 15:58 | Build | Farm |
| 15:59 | Build | Farm |
| 16:02 | Build | Farm |
| 16:02 | Build | Farm |
| 16:03 | Create | Villager (Male) |
| 16:16 | Create | Villager (Male) |
| 16:16 | Create | Villager (Male) |
| 16:16 | Create | Villager (Male) |
| 16:27 | Build | Farm |
| 16:34 | Build | Farm |
| 16:39 | Create | Villager (Male) |
| 16:39 | Create | Villager (Male) |
| 16:39 | Create | Villager (Male) |
| 16:40 | Create | Villager (Male) |
| 16:46 | Build | Farm |
| 16:48 | Build | Farm |
| 16:52 | Create | Monk |
| 16:55 | Build | House |
| 17:01 | Build | Farm |
| 17:02 | Create | Villager (Male) |
| 17:02 | Create | Villager (Male) |
| 17:12 | Create | Villager (Male) |
| 17:12 | Create | Villager (Male) |
| 17:21 | Create | Villager (Male) |
| 17:21 | Create | Villager (Male) |
| 17:21 | Create | Villager (Male) |
| 17:22 | Create | Villager (Male) |
| 17:25 | Build | Farm |
| 17:27 | Build | Farm |
| 17:34 | Create | Villager (Male) |
| 17:44 | Create | Villager (Male) |
| 17:44 | Create | Villager (Male) |
| 17:44 | Create | Villager (Male) |
| 17:49 | Build | Farm |
| 17:51 | Build | Farm |
| 17:52 | Build | Farm |
| 17:52 | Build | Farm |
| 17:52 | Build | Farm |
| 17:53 | Build | Farm |
| 17:53 | Build | Farm |
| 17:53 | Build | Farm |
| 17:54 | Build | Farm |
| 17:54 | Build | Farm |
| 17:54 | Build | Farm |
| 17:54 | Build | Farm |
| 17:56 | Create | Villager (Male) |
| 17:56 | Create | Villager (Male) |
| 17:56 | Create | Villager (Male) |
| 18:03 | Build | House |
| 18:03 | Create | Villager (Male) |
| 18:04 | Create | Villager (Male) |
| 18:12 | Create | Villager (Male) |
| 18:12 | Create | Villager (Male) |
| 18:26 | Create | Villager (Male) |
| 18:26 | Create | Villager (Male) |
| 18:38 | Create | Villager (Male) |
| 18:44 | Build | Town Center |
| 18:53 | Create | Villager (Male) |
| 18:54 | Create | Villager (Male) |
| 18:58 | Build | House |
| 18:59 | Create | Villager (Male) |
| 18:59 | Create | Villager (Male) |
| 19:02 | Build | Farm |
| 19:09 | Build | Farm |
| 19:10 | Create | Villager (Male) |
| 19:10 | Create | Villager (Male) |
Build order — 7777777
First 150 of 396 actions detected
| 0:05 | Create | Villager (Male) ×4 |
| 0:05 | Create | Villager (Male) ×4 |
| 0:09 | Build | House |
| 0:12 | Build | House |
| 1:45 | Create | Villager (Male) |
| 1:45 | Create | Villager (Male) |
| 2:10 | Create | Villager (Male) |
| 2:10 | Create | Villager (Male) |
| 2:11 | Create | Villager (Male) |
| 2:19 | Build | Lumber Camp |
| 2:24 | Create | Villager (Male) |
| 2:25 | Create | Villager (Male) |
| 3:11 | Create | Villager (Male) |
| 3:11 | Create | Villager (Male) |
| 3:11 | Create | Villager (Male) |
| 3:12 | Create | Villager (Male) |
| 3:34 | Create | Villager (Male) |
| 3:35 | Create | Villager (Male) |
| 3:48 | Build | House |
| 3:49 | Build | House |
| 3:50 | Build | House |
| 4:15 | Create | Villager (Male) |
| 4:16 | Create | Villager (Male) |
| 4:16 | Create | Villager (Male) |
| 4:16 | Create | Villager (Male) |
| 4:51 | Create | Villager (Male) |
| 4:52 | Create | Villager (Male) |
| 4:57 | Build | Mill |
| 5:34 | Create | Villager (Male) |
| 5:34 | Create | Villager (Male) |
| 5:34 | Create | Villager (Male) |
| 5:35 | Create | Villager (Male) |
| 5:57 | Build | Farm |
| 6:03 | Create | Villager (Male) |
| 6:03 | Create | Villager (Male) |
| 6:10 | Build | Farm |
| 6:34 | Create | Villager (Male) |
| 6:34 | Create | Villager (Male) |
| 6:35 | Create | Villager (Male) |
| 6:37 | Build | Farm |
| 7:47 | Create | Villager (Male) |
| 7:47 | Create | Villager (Male) |
| 7:47 | Create | Villager (Male) |
| 7:47 | Create | Villager (Male) |
| 7:59 | Build | Mill |
| 9:08 | Build | Mining Camp |
| 9:36 | Create | Villager (Male) |
| 9:48 | Research | Feudal Age |
| 12:10 | Age | Feudal Age |
| 12:17 | Build | Market |
| 12:27 | Build | Blacksmith |
| 12:34 | Build | Market |
| 12:48 | Build | House |
| 12:51 | Build | House |
| 13:00 | Build | Mining Camp |
| 13:04 | Create | Villager (Male) |
| 13:08 | Create | Villager (Male) |
| 13:21 | Research | Castle Age |
| 13:35 | Research | Double-Bit Axe |
| 13:53 | Research | Gold Mining |
| 14:26 | Build | House |
| 14:32 | Create | Villager (Male) |
| 14:32 | Create | Villager (Male) |
| 14:36 | Research | Loom |
| 15:02 | Build | House |
| 15:15 | Build | Farm |
| 15:16 | Build | Farm |
| 15:37 | Create | Villager (Male) |
| 15:38 | Create | Villager (Male) |
| 16:09 | Age | Castle Age |
| 16:12 | Build | Farm |
| 16:28 | Build | Castle |
| 16:56 | Create | Villager (Male) |
| 16:56 | Create | Villager (Male) |
| 17:15 | Create | Villager (Male) |
| 17:16 | Create | Villager (Male) |
| 17:23 | Build | Farm |
| 17:33 | Build | Lumber Camp |
| 17:47 | Create | Villager (Male) |
| 17:48 | Create | Villager (Male) |
| 18:12 | Build | Palisade Wall |
| 18:17 | Create | Villager (Male) |
| 18:17 | Create | Villager (Male) |
| 18:23 | Build | Palisade Wall |
| 18:34 | Create | Villager (Male) |
| 18:35 | Create | Villager (Male) |
| 18:35 | Create | Villager (Male) |
| 18:35 | Create | Villager (Male) |
| 18:44 | Build | Farm |
| 18:44 | Build | Farm |
| 18:45 | Build | Farm |
| 19:34 | Build | Mining Camp |
| 19:43 | Build | Siege Workshop |
| 19:47 | Create | Villager (Male) |
| 19:47 | Create | Villager (Male) |
| 19:55 | Build | Town Center |
| 20:00 | Create | Janissary |
| 20:07 | Build | Farm |
| 20:12 | Build | Farm |
| 20:17 | Build | Farm |
| 20:36 | Create | Janissary |
| 20:36 | Create | Janissary |
| 20:36 | Create | Janissary |
| 20:36 | Create | Janissary |
| 20:45 | Build | Farm |
| 20:59 | Create | Villager (Male) |
| 21:00 | Create | Villager (Male) |
| 21:00 | Create | Villager (Male) |
| 21:18 | Create | Janissary |
| 21:18 | Create | Janissary |
| 21:34 | Create | Villager (Male) |
| 21:35 | Create | Villager (Male) |
| 21:40 | Build | Farm |
| 21:44 | Build | Farm |
| 21:46 | Build | Farm |
| 21:51 | Create | Janissary ×3 |
| 22:15 | Research | Horse Collar |
| 22:16 | Create | Villager (Male) |
| 22:17 | Create | Villager (Male) |
| 22:17 | Create | Villager (Male) |
| 22:21 | Build | Farm |
| 22:24 | Build | Farm |
| 22:26 | Create | Villager (Male) |
| 22:26 | Create | Villager (Male) |
| 23:44 | Create | Villager (Male) |
| 23:45 | Create | Villager (Male) |
| 23:45 | Create | Villager (Male) |
| 23:46 | Create | Villager (Male) |
| 23:46 | Create | Villager (Male) |
| 23:46 | Create | Villager (Male) |
| 24:24 | Create | Villager (Male) |
| 24:24 | Create | Villager (Male) |
| 24:24 | Create | Villager (Male) |
| 24:24 | Create | Villager (Male) |
| 24:27 | Create | Janissary ×2 |
| 24:36 | Create | Villager (Male) |
| 24:37 | Create | Villager (Male) |
| 24:37 | Create | Villager (Male) |
| 24:48 | Build | Farm |
| 24:51 | Build | Farm |
| 24:52 | Build | Farm |
| 24:53 | Build | Farm |
| 24:56 | Create | Villager (Male) |
| 24:56 | Create | Villager (Male) |
| 25:02 | Build | Farm |
| 25:03 | Build | Farm |
| 25:04 | Build | Farm |
| 25:06 | Build | Farm |
| 25:08 | Build | Farm |
| 25:41 | Build | Castle |
Build order — Assmodey
First 150 of 465 actions detected
| 0:01 | Create | Villager (Male) |
| 0:02 | Build | House |
| 0:03 | Build | House |
| 0:12 | Create | Villager (Male) |
| 0:12 | Create | Villager (Male) |
| 0:12 | Create | Villager (Male) |
| 1:10 | Create | Villager (Male) |
| 1:45 | Build | Lumber Camp |
| 2:01 | Create | Villager (Male) |
| 2:21 | Create | Villager (Male) |
| 2:43 | Create | Villager (Male) |
| 2:43 | Create | Villager (Male) |
| 3:05 | Create | Villager (Male) |
| 3:05 | Create | Villager (Male) |
| 3:05 | Create | Villager (Male) |
| 3:32 | Build | House |
| 3:38 | Create | Villager (Male) |
| 3:39 | Create | Villager (Male) |
| 3:52 | Build | Mill |
| 4:02 | Build | House |
| 4:14 | Create | Villager (Male) |
| 4:25 | Build | House |
| 5:01 | Create | Villager (Male) |
| 5:16 | Create | Villager (Male) |
| 5:16 | Create | Villager (Male) |
| 5:16 | Create | Villager (Male) |
| 5:17 | Create | Villager (Male) |
| 5:46 | Create | Villager (Male) |
| 5:47 | Create | Villager (Male) |
| 5:47 | Create | Villager (Male) |
| 6:11 | Create | Villager (Male) |
| 6:45 | Build | Lumber Camp |
| 6:50 | Create | Villager (Male) |
| 8:02 | Build | Mining Camp |
| 8:16 | Research | Feudal Age |
| 8:56 | Build | Farm |
| 8:58 | Build | Farm |
| 9:03 | Build | Farm |
| 9:42 | Create | Villager (Male) |
| 9:43 | Create | Villager (Male) |
| 10:56 | Age | Feudal Age |
| 10:58 | Build | Market |
| 11:00 | Build | Blacksmith |
| 11:07 | Research | Double-Bit Axe |
| 11:47 | Research | Castle Age |
| 11:52 | Build | Mining Camp |
| 12:23 | Build | House |
| 12:24 | Build | House |
| 12:25 | Build | House |
| 13:37 | Create | Villager (Male) |
| 13:37 | Create | Villager (Male) |
| 13:54 | Build | House |
| 14:27 | Age | Castle Age |
| 14:32 | Build | Town Center |
| 14:40 | Build | Town Center |
| 14:44 | Create | Villager (Male) |
| 15:10 | Create | Villager (Male) |
| 15:12 | Build | House |
| 15:19 | Build | Farm |
| 15:21 | Build | Farm |
| 15:23 | Build | Farm |
| 15:36 | Build | Town Center |
| 15:39 | Create | Villager (Male) |
| 15:48 | Build | House |
| 15:49 | Research | Horse Collar |
| 15:51 | Build | Farm |
| 15:55 | Create | Villager (Male) |
| 15:56 | Create | Villager (Male) |
| 16:00 | Build | Farm |
| 16:03 | Build | Farm |
| 16:08 | Create | Villager (Male) |
| 16:08 | Create | Villager (Male) |
| 16:12 | Create | Villager (Male) |
| 16:14 | Build | Farm |
| 16:18 | Build | House |
| 16:23 | Build | Farm |
| 16:30 | Create | Villager (Male) |
| 16:41 | Create | Villager (Male) |
| 16:43 | Build | Farm |
| 16:49 | Build | House |
| 16:51 | Build | Farm |
| 16:54 | Create | Villager (Male) |
| 17:03 | Create | Villager (Male) |
| 17:10 | Build | Farm |
| 17:11 | Create | Villager (Male) |
| 17:16 | Build | Farm |
| 17:27 | Build | House |
| 17:28 | Create | Villager (Male) |
| 17:33 | Create | Villager (Male) |
| 17:38 | Build | Farm |
| 17:46 | Build | Farm |
| 17:50 | Build | Farm |
| 17:51 | Create | Villager (Male) |
| 17:55 | Build | Farm |
| 17:58 | Create | Villager (Male) |
| 18:12 | Build | Farm |
| 18:13 | Create | Villager (Male) |
| 18:13 | Create | Villager (Male) |
| 18:15 | Build | Farm |
| 18:32 | Create | Villager (Male) |
| 18:33 | Create | Villager (Male) |
| 18:35 | Build | Farm |
| 18:40 | Build | House |
| 18:41 | Build | House |
| 18:43 | Build | House |
| 18:44 | Create | Villager (Male) |
| 19:00 | Create | Villager (Male) |
| 19:00 | Create | Villager (Male) |
| 19:04 | Build | Farm |
| 19:04 | Build | Farm |
| 19:05 | Build | Farm |
| 19:05 | Build | Farm |
| 19:08 | Create | Villager (Male) |
| 19:08 | Create | Villager (Male) |
| 19:19 | Build | Farm |
| 19:26 | Build | Farm |
| 19:27 | Create | Villager (Male) |
| 19:28 | Create | Villager (Male) |
| 19:31 | Build | Farm |
| 19:33 | Build | Farm |
| 19:34 | Create | Villager (Male) |
| 19:39 | Build | Mill |
| 19:40 | Create | Villager (Male) |
| 19:46 | Create | Villager (Male) |
| 19:49 | Build | Farm |
| 19:52 | Build | Farm |
| 20:04 | Create | Villager (Male) |
| 20:05 | Create | Villager (Male) |
| 20:09 | Build | Farm |
| 20:18 | Create | Villager (Male) |
| 20:18 | Create | Villager (Male) |
| 20:18 | Create | Villager (Male) |
| 20:19 | Create | Villager (Male) |
| 20:21 | Build | Farm |
| 20:26 | Build | House |
| 20:27 | Build | House |
| 20:29 | Build | House |
| 20:30 | Build | House |
| 20:31 | Create | Villager (Male) |
| 20:35 | Build | Farm |
| 20:39 | Create | Villager (Male) |
| 20:43 | Build | Farm |
| 20:45 | Create | Villager (Male) |
| 20:45 | Create | Villager (Male) |
| 20:46 | Create | Villager (Male) |
| 20:46 | Create | Villager (Male) |
| 20:50 | Build | Farm |
| 20:59 | Build | Farm |
| 21:02 | Build | Farm |
| 21:03 | Create | Villager (Male) |
Match timeline
| 9:21 | empt · age_up feudal |
| 10:56 | Assmodey · age_up feudal |
| 11:07 | GG · age_up feudal |
| 11:23 | pxh42 · age_up feudal |
| 11:35 | P@F DEBARK · age_up feudal |
| 11:53 | P@F DEBARK · first_building Barracks |
| 11:59 | Moquazinth · age_up feudal |
| 12:10 | 7777777 · age_up feudal |
| 14:10 | P@F DEBARK · first_building Stable |
| 14:27 | Assmodey · age_up castle |
| 15:02 | GG · age_up castle |
| 15:05 | pxh42 · age_up castle |
| 15:25 | BANKU99 · first_building Monastery |
| 15:32 | Moquazinth · age_up castle |
| 15:36 | P@F DEBARK · age_up castle |
| 15:39 | P@F DEBARK · first_building Monastery |
| 15:39 | pxh42 · first_building Monastery |
| 16:09 | 7777777 · age_up castle |
| 16:28 | 7777777 · first_building Castle |
| 17:05 | empt · age_up castle |
| 17:20 | pxh42 · first_market_buy 100 food |
| 18:12 | 7777777 · wall_segment Palisade Wall x3 |
| 18:23 | 7777777 · wall_segment Palisade Wall x2 |
| 18:46 | GG · wall_segment Stone Wall x4 |
| 18:52 | GG · wall_segment Stone Wall x9 |
| 19:43 | 7777777 · first_building Siege Workshop |
| 20:15 | GG · first_market_buy 100 stone |
| 20:23 | GG · wall_segment Stone Wall x9 |
| 20:31 | GG · wall_segment Stone Wall x6 |
| 20:44 | BANKU99 · first_market_buy 100 stone |
| 20:45 | empt · first_market_buy 100 wood |
| 21:48 | GG · first_building Siege Workshop |
| 22:04 | Moquazinth · first_building Siege Workshop |
| 22:08 | GG · wall_segment Stone Wall x1 |
| 22:27 | Moquazinth · wall_segment Stone Wall x5 |
| 22:37 | Moquazinth · wall_segment Stone Wall x1 |
| 23:01 | GG · wall_segment Stone Wall x8 |
| 23:47 | GG · first_building Barracks |
| 23:51 | Moquazinth · wall_segment Stone Wall x9 |
| 23:57 | GG · first_market_sell 100 food |
| 24:37 | BANKU99 · first_building Barracks |
| 24:44 | pxh42 · first_market_sell 100 wood |
| 24:47 | GG · wall_segment Stone Wall x3 |
| 24:53 | Moquazinth · first_building Barracks |
| 25:17 | GG · wall_segment Stone Wall x4 |
| 25:36 | Assmodey · first_building Siege Workshop |
| 25:43 | pxh42 · first_building Barracks |
| 25:53 | Moquazinth · first_market_sell 100 food |
| 25:55 | Moquazinth · first_market_buy 100 wood |
| 26:46 | pxh42 · first_building Siege Workshop |
| 26:56 | 7777777 · first_building Monastery |
| 27:17 | Assmodey · first_building Castle |
| 27:36 | GG · first_building Castle |
| 27:47 | empt · first_building Monastery |
| 28:01 | BANKU99 · first_building Castle |
| 28:31 | empt · first_building Barracks |
| 28:33 | pxh42 · first_building Castle |
| 28:51 | pxh42 · age_up imperial |
| 28:55 | P@F DEBARK · age_up imperial |
| 29:24 | empt · first_building Stable |
| 29:36 | P@F DEBARK · first_building Castle |
| 29:44 | Moquazinth · age_up imperial |
| 29:54 | 7777777 · first_market_sell 500 wood |
| 29:57 | P@F DEBARK · wall_segment Stone Wall x1 |
| 30:09 | GG · first_building Stable |
| 30:11 | BANKU99 · first_building Siege Workshop |
| 30:14 | GG · age_up imperial |
| 30:23 | Assmodey · age_up imperial |
| 30:23 | 7777777 · first_building Barracks |
| 30:37 | P@F DEBARK · wall_segment Stone Wall x4 |
| 30:54 | P@F DEBARK · wall_segment Stone Wall x1 |
| 32:03 | empt · age_up imperial |
| 32:04 | BANKU99 · first_market_sell 100 stone |
| 32:11 | empt · first_market_sell 500 food |
| 32:17 | GG · first_building Archery Range |
| 32:28 | empt · first_building Castle |
| 33:06 | 7777777 · age_up imperial |
| 33:54 | 7777777 · first_building Archery Range |
| 35:14 | Moquazinth · first_building Archery Range |
| 36:13 | BANKU99 · first_building Archery Range |
| 36:15 | P@F DEBARK · wall_segment Stone Wall x2 |
| 37:25 | Assmodey · first_market_sell 500 wood |
| 37:30 | 7777777 · first_building Stable |
| 37:39 | Moquazinth · first_building Castle |
| 37:47 | GG · wall_segment Stone Wall x5 |
| 37:56 | GG · wall_segment Stone Wall x1 |
| 37:58 | GG · wall_segment Stone Wall x3 |
| 39:45 | Assmodey · first_building Barracks |
| 42:04 | pxh42 · first_building Archery Range |
| 48:54 | 7777777 · first_market_buy 100 stone |
| 49:46 | Assmodey · resign |
[ AI ANALYSIS · 1 CREDIT ]
What really happened in this match?
Wolo.gg analyzes every decision: build order, eco, micro, common mistakes by bracket. Personalized analysis on WhatsApp or Discord in 30 seconds.
Civ guide
Poles
Perfil
Jugador #840032